Map: World of Sleepers LE

Players

MarineGirl - Winner!

  • Race: Terran Terran
  • Spawn Location: 7:00

pHARM

  • Race: Zerg Zerg
  • League: Platinum
  • Spawn Location: 1:00

VOD

Have the link to the VOD?

Description

Time

  • Played on: Sept. 30, 2019, 3:52 p.m.
  • Length: 10:08
Show
View Real Time Build Order
Export as new Build Order

MarineGirl Terran - Winner!

Build Orders:  

Get SALT Encoding   

  12  0:01  SCV  
  13  0:13  SCV  
  14  0:21  Supply Depot  
  14  0:25  SCV  
  15  0:43  SCV  
  15  0:44  Barracks  
  15  0:46  Refinery  
  16  0:52  Refinery  
  16  0:55  SCV  
  17  1:07  SCV  
  18  1:19  SCV  
  19  1:32  Barracks Tech Lab  
  19  1:33  Ghost Academy  
  19  1:34  Orbital Command  
  19  1:48  Supply Depot  
  19  2:01  SCV  
  19  2:02  Ghost  
  22  2:13  SCV  
  23  2:17  Factory  
  23  2:28  SCV  
  24  2:35  Ghost  
  26  2:40  SCV  
  27  2:53  SCV, Supply Depot  
  28  3:06  SCV, Starport  
  29  3:14  Ghost  
  29  3:19  SCV  
  32  3:31  SCV  
  32  3:33  Command Center  
  33  3:40  Supply Depot  
  33  3:43  SCV  
  33  3:48  Ghost  
  34  3:54  Medivac  
  38  3:56  SCV  
  39  4:05  Supply Depot  
  39  4:10  Factory Tech Lab  
  39  4:11  SCV  
  40  4:33  Ghost  
  40  4:34  Command Center  
  40  4:36  SCV  
  43  4:45  Orbital Command  
  43  4:50  SCV, Refinery  
  43  4:51  Refinery  
  44  4:57  Siege Tank  
  47  5:02  SCV  
  48  5:16  Ghost  
  48  5:18  SCV x2  
  52  5:30  SCV x2  
  54  5:41  Siege Tank  
  57  5:44  Ghost  
  57  5:49  SCV x2  
  59  6:01  SCV x2  
  61  6:04  Fusion Core, Starport Tech Lab  
  57  6:36  SCV x2  
  57  6:37  Supply Depot, Barracks Tech Lab  
  57  6:38  Supply Depot  
  58  6:47  Orbital Command  
  59  6:48  SCV x2  
  61  7:00  SCV x2, Battlecruiser  
  69  7:04  Starport x2  
  69  7:07  Refinery  
  69  7:12  SCV x3  
  72  7:19  Siege Tank  
  72  7:20  Refinery  
  77  7:23  Command Center  
  77  7:24  SCV x2  
  77  7:25  SCV  
  78  7:32  Armory x2  
  78  7:36  SCV  
  78  7:37  SCV x2  
  81  7:43  Starport Tech Lab x2  
  81  7:49  SCV x3  
  84  7:59  Supply Depot x2  
  84  8:01  SCV x3, Supply Depot  
  84  8:03  Battlecruiser x2  
  99  8:13  SCV x2  
  101  8:21  SCV, Battlecruiser  
  101  8:26  Supply Depot x2  
  108  8:52  SCV x3  
  111  9:04  SCV x2  
  111  9:06  Command Center  
  125  9:23  Unknown  
  125  9:25  SCV x2  
  125  9:30  SCV  
  128  9:35  Barracks  
  128  9:36  Barracks, Engineering Bay  
  128  9:37  SCV x2, Engineering Bay  
  136  9:51  SCV x3  
Show
View Real Time Build Order
Export as new Build Order

pHARM Zerg 

Build Orders: Hatch First 

Get SALT Encoding   

  12  0:01  Drone  
  13  0:13  Overlord  
  13  0:17  Drone  
  14  0:31  Drone x2  
  16  0:40  Drone  
  17  0:56  Hatchery  
  16  0:58  Drone  
  16  0:59  Drone  
  18  1:17  Spawning Pool  
  18  1:18  Drone  
  18  1:20  Drone  
  19  1:31  Drone  
  20  1:38  Extractor  
  19  1:43  Drone  
  20  1:53  Overlord  
  20  2:04  Drone  
  20  2:07  Queen  
  23  2:15  Drone x2  
  25  2:16  Queen  
  27  2:28  Drone x2  
  29  2:43  Metabolic Boost  
  29  2:49  Overlord  
  29  3:06  Queen  
  31  3:15  Overlord x2  
  31  3:20  Overlord x2  
  31  3:39  Zergling x8  
  31  3:40  Zergling x8  
  39  3:42  Queen  
  41  3:55  Lair  
  41  4:14  Drone  
  41  4:15  Drone x8  
  50  4:35  Extractor  
  50  4:36  Extractor  
  48  4:43  Drone x4  
  48  4:44  Drone  
  53  5:06  Hatchery  
  35  5:32  Zergling x10  
  35  5:33  Zergling x16  
  26  6:12  Drone x6  
  26  6:14  Queen x2  
  36  6:28  Drone x3  
  39  6:40  Drone x4  
  33  6:57  Drone  
  33  6:58  Drone x4  
  33  6:59  Queen x2  
  33  7:00  Queen  
  44  7:14  Roach Warren  
  43  7:26  Drone x4  
  47  7:53  Overlord  
  47  7:54  Overlord x2  
  47  7:56  Roach x5  
  47  7:57  Overlord x4  
  49  8:46  Drone x15  
  58  9:26  Zergling x4  
  58  9:27  Zergling x14  
Tags
 
League
Platinum
Matchup
TvZ
Replay Pack
10.7.19
Spawn Locations
Cross Positions
Add a new tag
Caveats
  • Supply blocks, unpowered buildings, or Contaminate may cause inaccurate times.
  • Supply counts are checked every 10 seconds.